AoeStats
← SLIIMSYice

Baltic

510520360Analyzed
3v3 RM · 1d ago on Oct 1, 2026· 21m 57s· 6 players
Game mode
Random Map
Map size
Normal (6 player)
Population
200
Speed
Normal
Resources
Standard
Victory
Conquest
Starting age
Dark Age
Ending age
Imperial Age
RankedLock teamsTeams togetherTeam positionsShared explorationLock speedFull tech treeHidden civsTurbo modeCheats
Victory
Defeat
🇦🇺 Lithuanians · Australia
778
+11
704
+13
🇦🇺 Franks · Australia
691
+14
🇩🇪 Poles · Germany
670
-13
🇧🇷 Celts · Brazil
665
-13
🇷🇴 Chinese · Romania
642
-12
justifie
11:20 Feudal Age
11:42 Fishing Lines
11:48 Double-Bit Axe
13:02 Horse Collar
23:58 Castle Age
Terric
2:36 Loom
12:50 Feudal Age
13:39 Double-Bit Axe
13:37 Horse Collar
20:05 Castle Age
18:18 Forging
19:43 Gold Mining
20:03 Scale Barding Armor
20:49 Heavy Plow
21:02 Bow Saw
21:17 Squires
21:02 Arson
21:59 Bloodlines
21:50 Husbandry
Yur1Janu4r10
SLIIMSYice
0:41 Loom
11:55 Feudal Age
12:53 Double-Bit Axe
15:12 Fishing Lines
19:48 Castle Age
21:41 Bow Saw
21:33 Gillnets
22:26 Wheelbarrow
DrDripz
0:41 Loom
11:00 Feudal Age
11:32 Double-Bit Axe
11:32 Horse Collar
12:31 Wheelbarrow
21:22 Stone Mining
21:23 Gold Mining
汉东省太想进步厅长
2:27 Loom
11:29 Feudal Age
16:14 Castle Age
15:00 Double-Bit Axe
Connection lost

Rejoining the realm…

Still unreachable

The connection could not be restored.

Session expired

The server has moved on; the page needs a fresh start.